 Dungeon Sprint DCSS version 0.20.1-1-g8b1a95d (webtiles) character file.

5400000 JustSomeDude the Conqueror (level 27, -39/273 HPs)
             Began as a Hill Orc Abyssal Knight on Aug 30, 2017.
             Was the Champion of Lugonu.
             Killed from afar by a large bag of meat (48 damage)
             ... with an exploding inner flame
             ... in the Dungeon (Sprint VIII: "Arena of Blood").
             The game lasted 00:02:30 (54 turns).

JustSomeDude the Conqueror (Hill Orc Abyssal Knight)  Turns: 54, Time: 00:02:30

Health: -39/273    AC:  6    Str: 25    XL:     27
Magic:  12/54      EV: 29    Int: 12    God:    Lugonu [******]
Gold:   0          SH:  0    Dex: 13    Spells: 80/80 levels left

rFire    . . .     SeeInvis .   j - +∞ Axe of Woe
rCold    . . .     Gourm    .   (shield currently unavailable)
rNeg     . . .     Faith    .   b - +0 leather armour
rPois    .         Spirit   .   (no helmet)
rElec    .         Reflect  .   (no cloak)
rCorr    .         Harm     .   (no gloves)
MR       ++...     NoTele   +   (no boots)
Stlth    +++++++++.             (no amulet)
Regen    0.6/turn               (no ring)
MPRegen  0.4/turn               (no ring)

@: very slightly contaminated, hasted, very quick
A: no striking features
a: Bend Space, Banish, Corrupt, Brand Weapon With Distortion, Renounce Religion


You were in the Dungeon.
You worshipped Lugonu.
Lugonu was exalted by your worship.
You were not hungry.

You visited 1 branch

Inventory:

Hand Weapons
 a - a +1 hand axe
 j - the +∞ Axe of Woe (weapon)
   (You found it in the Dungeon)
Armour
 b - a +0 leather armour (worn)
Jewellery
 e - a +200 ring of slaying
Potions
 d - a potion of curing
 g - 2 potions of magic
 h - a potion of berserk rage
Comestibles
 c - a bread ration


   Skills:
 O Level 27 Fighting
 O Level 27 Axes
 O Level 27 Throwing
 O Level 27 Armour
 O Level 27 Dodging
 O Level 27 Stealth
 O Level 27 Unarmed Combat
 O Level 27 Spellcasting
 O Level 27 Invocations


You had 80 spell levels left.
You didn't know any spells.

Dungeon Overview and Level Annotations

Branches:
Dungeon (1/1)

Altars:
Makhleb


Message History

You hit the large abomination but do no damage.
You fatally mangle the large abomination.
You destroy the large abomination!
Lugonu accepts your kill.
You slice the crawling corpse!!
You dissect the crawling corpse like a pig carcass.
You destroy the crawling corpse!
You hear a shout! x6
Unknown command.
Unknown command.
Unknown command.
Unknown command.
You hit the destroyer but do no damage.
You slaughter the destroyer joyfully.
You destroy the destroyer!
Lugonu accepts your kill.
You slash the large bag of meat!
You cleave the large bag of meat in twain.
The large bag of meat explodes!
The fiery explosion engulfs you!
You die... .#. .. ..o ..#... ...o ..#... ooO..

##...#.......o..
.o..o###.%..%.#......§..
.ooo#o....z......o.o....
...o.o..#oo.....oooo....
.....O)§.#oo.....o#.....
.....V)@§)V.#§§...#.....
.......§§#XXoo§)###.....
....#.Vo.z...)§§).)..###
... ##...X.o§#)§o)...._.
.. #V.o..#V..§...#....
.###..§.......#_.<. .#
...#.....%.#....
.....#........_.
...o.........###


You could see 5 destroyers, 2 sculptors of flesh, 3 large abominations, a meat
berserker (berserk) and 21 bags of meat.

Vanquished Creatures
  4 vampire knights (D)
  20 ogres (D)
  3 two-headed ogres (D)
  A hydra (D)
  49 orcs (D)
  2 large abominations (D)
  2 small abominations (D)
  6 crawling corpses (D)
87 creatures vanquished.

Vanquished Creatures (others)
  An orc (D)
1 creature vanquished.

Grand Total: 88 creatures vanquished

Notes
Turn   | Place    | Note
-------+----------+-------------------------------------------
     0 | D        | JustSomeDude the Hill Orc Abyssal Knight began the quest for the Orb.
     0 | D        | Reached XP level 1. HP: 19/19 MP: 2/2
     4 | D        | Noticed a bag of meat
     4 | D        | Noticed a bag of meat
     4 | D        | Noticed a bag of meat
     4 | D        | Noticed a bag of meat
     5 | D        | Noticed a meat berserker
     6 | D        | Noticed a bag of meat
     6 | D        | Noticed a bag of meat
     7 | D        | Killed a meat berserker
     7 | D        | Reached XP level 2. HP: 68/68 MP: 2/10
     7 | D        | Reached XP level 3. HP: 75/75 MP: 2/11
     7 | D        | Reached XP level 4. HP: 84/84 MP: 2/13
     7 | D        | Reached XP level 5. HP: 92/92 MP: 2/14
     7 | D        | Reached XP level 6. HP: 101/101 MP: 2/16
     7 | D        | Reached XP level 7. HP: 108/108 MP: 2/17
     7 | D        | Reached XP level 8. HP: 117/117 MP: 2/19
     7 | D        | Reached XP level 9. HP: 125/125 MP: 2/20
     7 | D        | Reached XP level 10. HP: 134/134 MP: 2/21
     7 | D        | Reached XP level 11. HP: 141/141 MP: 2/22
     7 | D        | Reached XP level 12. HP: 149/149 MP: 2/23
     7 | D        | Reached XP level 13. HP: 157/157 MP: 2/24
     8 | D        | Killed a bag of meat
     8 | D        | Reached ** piety under Lugonu
     8 | D        | Reached skill level 27 in Fighting
     8 | D        | Reached XP level 14. HP: 168/168 MP: 2/26
     9 | D        | Killed a bag of meat
     9 | D        | Reached skill level 5 in Dodging
    10 | D        | Killed a bag of meat
    10 | D        | Reached XP level 15. HP: 174/174 MP: 2/29
    10 | D        | Reached *** piety under Lugonu
    10 | D        | Reached skill level 27 in Axes
    11 | D        | Noticed a meat berserker
    11 | D        | Reached XP level 16. HP: 183/183 MP: 2/32
    12 | D        | Noticed a meat berserker
    12 | D        | Noticed a meat berserker
    13 | D        | Noticed a meat berserker
    14 | D        | Noticed a meat berserker
    15 | D        | Noticed a meat berserker
    15 | D        | Noticed a meat berserker
    15 | D        | Killed a meat berserker
    15 | D        | Reached skill level 27 in Armour
    15 | D        | Reached skill level 27 in Invocations
    15 | D        | Reached XP level 17. HP: 191/191 MP: 3/34
    15 | D        | Killed a meat berserker
    15 | D        | Reached **** piety under Lugonu
    16 | D        | Noticed a large bag of meat
    16 | D        | Noticed a meat berserker
    16 | D        | Killed a meat berserker
    16 | D        | Reached XP level 18. HP: 200/200 MP: 3/35
    17 | D        | Killed a meat berserker
    17 | D        | Reached skill level 27 in Dodging
    17 | D        | Killed a meat berserker
    17 | D        | Reached ***** piety under Lugonu
    17 | D        | Reached XP level 19. HP: 207/207 MP: 4/36
    18 | D        | Noticed a large bag of meat
    18 | D        | Noticed a meat berserker
    18 | D        | Noticed a meat berserker
    19 | D        | Killed a meat berserker
    19 | D        | Reached skill level 15 in Unarmed Combat
    20 | D        | Noticed a large bag of meat
    20 | D        | Noticed a meat berserker
    20 | D        | Killed a meat berserker
    20 | D        | Reached XP level 20. HP: 179/216 MP: 4/38
    20 | D        | Reached skill level 15 in Spellcasting
    21 | D        | Noticed a meat berserker
    21 | D        | Reached XP level 21. HP: 186/224 MP: 4/42
    22 | D        | Reached ****** piety under Lugonu
    22 | D        | Killed a meat berserker
    23 | D        | Reached skill level 27 in Unarmed Combat
    23 | D        | Reached XP level 22. HP: 194/233 MP: 5/46
    25 | D        | Killed a large bag of meat
    25 | D        | Reached skill level 27 in Throwing
    25 | D        | Reached skill level 27 in Stealth
    25 | D        | Reached XP level 23. HP: 167/240 MP: 5/53
    25 | D        | Reached skill level 27 in Spellcasting
    26 | D        | Reached XP level 24. HP: 173/249 MP: 6/54
    27 | D        | Noticed a large bag of meat
    28 | D        | Killed a large bag of meat
    28 | D        | Reached XP level 25. HP: 155/257 MP: 6/54
    29 | D        | Noticed a destroyer
    29 | D        | Noticed a destroyer
    31 | D        | Reached XP level 26. HP: 126/266 MP: 7/54
    31 | D        | Killed a destroyer
    32 | D        | Killed a large bag of meat
    32 | D        | Reached XP level 27. HP: 16/273 MP: 7/54
    32 | D        | HP: 2/273 [something (14)]
    33 | D        | Noticed a destroyer
    33 | D        | Noticed a destroyer
    33 | D        | Noticed a large bag of meat
    36 | D        | Killed a destroyer
    38 | D        | HP: 7/273 [??? (4)]
    40 | D        | Noticed a destroyer
    40 | D        | Killed a destroyer
    46 | D        | Noticed a destroyer
    47 | D        | Noticed a destroyer
    51 | D        | Noticed a destroyer
    53 | D        | Noticed a destroyer
    54 | D        | Killed a destroyer
    54 | D        | Killed a large bag of meat
    54 | D        | Killed from afar by a large bag of meat

Skill      XL: |  1  2  3  4  5  6  7  8  9 10 11 12 13 14 15 16 17 18 19 20 21 22 23 |
---------------+----------------------------------------------------------------------+-----
Fighting       | 26 27 | 27.0
Axes           | 17 21 25 27 | 27.0
Armour         | 14 16 19 22 27 | 27.0
Dodging        | 4 6 7 14 25 27 | 27.0
Invocations    | 14 17 20 24 27 | 27.0
Throwing       | 9 17 19 23 27 | 27.0
Stealth        | 9 17 19 23 27 | 27.0
Unarmed Combat | 11 19 22 27 | 27.0
Spellcasting   | 8 14 17 20 26 27 | 27.0

Action                   |  1- 3 |  4- 6 |  7- 9 | 10-12 | 13-15 | 16-18 | 19-21 | 22-24 | 25-27 || total
-------------------------+-------+-------+-------+-------+-------+-------+-------+-------+-------++-------
Melee: Executioner's axe |     1 |       |       |       |     4 |     3 |     5 |     5 |    20 ||    38
  Use: Potion            |       |       |       |       |       |       |       |       |     2 ||     2
       Scroll            |       |       |       |       |       |       |       |       |     1 ||     1
